 Dungeon Crawl Stone Soup version 0.28-a0-793-g31680bbd8b (webtiles) character file.

Game seed: 4108052044200131794

79 Essalna the Firebug (level 4, -1/24 HPs)
             Began as a Gargoyle Fire Elementalist on Nov 5, 2021.
             Slain by a hobgoblin (6 damage)
             ... on level 3 of the Dungeon.
             The game lasted 00:03:37 (2713 turns).

Essalna the Firebug (Gargoyle Fire Elementalist)    Turns: 2713, Time: 00:03:38

Health: -1/24      AC:  6    Str: 11    XL:     4   Next: 37%
Magic:  2/8        EV: 11    Int: 17    God:
Gold:   79         SH:  0    Dex: 10    Spells: 5/8 levels left

rFire   . . .      SeeInvis +   (no weapon)
rCold   . . .      Faith    .   (no shield)
rNeg    + . .      Spirit   .   a - +0 robe
rPois   ∞          Reflect  .   (no helmet)
rElec   +          Harm     .   h - +0 cloak
rCorr   .          Rampage  .   (no gloves)
Will    .....                   (no boots)
Stlth   ++........              (no amulet)
HPRegen 0.08/turn               g - ring of see invisible
MPRegen 0.11/turn               (no ring)

@: very slightly contaminated
A: sickness immunity, AC +3, negative energy resistance 1, electricity
resistance, torment resistance 1, petrification resistance
a: no special abilities


You were on level 3 of the Dungeon.
You visited 1 branch of the dungeon, and saw 3 of its levels.

You collected 79 gold pieces.

Inventory:

Armour
 a - a +0 robe (worn)
 h - a +0 cloak (worn)
Jewellery
 g - a ring of see invisible (left hand)
Scrolls
 c - 3 scrolls of identify {unknown}
 f - a scroll of brand weapon {unknown}
 i - a scroll of teleportation {unknown}
 j - a scroll of enchant armour {unknown}
 l - a scroll of vulnerability {unknown}
Potions
 b - a potion of might {unknown}
 d - 2 potions of mutation {unknown}
 e - 2 potions of curing {unknown}
 k - a potion of ambrosia {unknown}


   Skills:
 - Level 1.5 Dodging
 - Level 2.1 Stealth
 + Level 2.9 Spellcasting
 + Level 2.6 Conjurations
 + Level 3.7 Fire Magic


You had 5 spell levels left.
You knew the following spells:

 Your Spells              Type           Power      Damage    Failure   Level
a - Foxfire               Conj/Fire      52%        2x1d6     4%          1
b - Scorch                Fire           30%        2d6       5%          2

Your spell library contained the following spells:

 Spells                   Type           Power      Damage    Failure   Level
 Magic Dart               Conj           44%        1d5       6%          1
 Conjure Flame            Conj/Fire      13%        6-21      14%         3
 Inner Flame              Hex/Fire       8%         N/A       24%         3
 Call Imp                 Summ           2%         N/A       26%         2
 Mephitic Cloud           Conj/Pois/Air  5%         N/A       36%         3
 Flame Wave               Conj/Fire      13%        3d5       43%         4
 Fireball                 Conj/Fire      6%         3d5       78%         5
 Iskenderun's Battlesphe  Conj           11%        2d7       86%         5
 Conjure Ball Lightning   Conj/Air       3%         3x3d6     100%        6
 Orb of Destruction       Conj           5%         9d2       100%        7


Dungeon Overview and Level Annotations

Branches:
Dungeon (3/15)

Altars:


Innate Abilities, Weirdness & Mutations

You are immune to sickness and miasma.
Your stone body is resilient. (AC +3)
You are immune to poison.
You resist negative energy. (rN+)
You are resistant to electric shocks. (rElec)
You are resistant to unholy torment.
You are immune to petrification.


Message History

Confirm with . or Enter, or press ? or * to list all spells.
You conjure some foxfire!
The ball python barely misses you. The ball python closely misses you.
The foxfire hits the hobgoblin.
The hobgoblin is moderately wounded.
The ball python barely misses you. x2
You closely miss the ball python.
The foxfire hits the hobgoblin but does no damage.
The hobgoblin is moderately wounded.
The ball python barely misses you. The ball python closely misses you.
Casting: Foxfire (safe; 4% risk of failure)
Confirm with . or Enter, or press ? or * to list all spells.
You miscast Foxfire.
You are very lightly contaminated with residual magic.
Nothing appears to happen.
The hobgoblin hits you but does no damage.
The ball python closely misses you. The ball python grabs you.
The ball python constricts you.
You barely miss the ball python. The hobgoblin hits you with a +0 mace.
The ball python bites you. The ball python constricts you.
Casting: Foxfire (safe; 4% risk of failure)
Confirm with . or Enter, or press ? or * to list all spells.
You conjure some foxfire!
The ball python bites you but does no damage.
The ball python constricts you. The hobgoblin barely misses you.
You closely miss the ball python.
The foxfire hits the hobgoblin but does no damage.
The hobgoblin is moderately wounded.
The foxfire hits the hobgoblin.
The hobgoblin is severely wounded.
The ball python barely misses you. The ball python constricts you.
The hobgoblin hits you with a +0 mace.
* * * LOW HITPOINT WARNING * * *
The ball python bites you but does no damage.
The ball python constricts you.
* * * LOW HITPOINT WARNING * * *
You escape the ball python's grasp.
Casting: Foxfire (safe; 4% risk of failure)
Confirm with . or Enter, or press ? or * to list all spells.
You conjure some foxfire!
The hobgoblin hits you with a +0 mace.
You die...

######### ## ........##.#
#...>....v#..# #
########........@v..# ..
#.<....#.....<.Sg##..## ##..
#......#......)r.# ...## ...#
#......#.........# #..#####..#
#...†..#.........######..##....#
#......#.........#.......#....#
#......#.........#.......#....# .
#................#........))###.#
#.......########..........#...)#


You could see a hobgoblin (ally target), a ball python and a rat.

Vanquished Creatures
  Jessica (D:2)
  2 worms (D:2)
  3 dart slugs
  An orc (D:3)
  5 endoplasms
  4 giant cockroaches (D:1)
  3 hobgoblins
  2 kobolds (D:1)
  2 quokkas (D:1)
  2 ball pythons
  A bat (D:2)
  2 frilled lizards
  7 goblins
  2 rats (D:1)
37 creatures vanquished.

Vanquished Creatures (others)
  176 foxfires
176 creatures vanquished.

Grand Total: 213 creatures vanquished

Notes
Turn   | Place    | Note
-------+----------+-------------------------------------------
     0 | D:1      | Essalna the Gargoyle Fire Elementalist began the quest for
                  | the Orb.
     0 | D:1      | Reached XP level 1. HP: 10/10 MP: 3/3
   287 | D:1      | Reached XP level 2. HP: 11/15 MP: 1/5
  1057 | D:1      | Reached XP level 3. HP: 15/19 MP: 1/6
  1264 | D:1      | Found a faded altar of an unknown god.
  1424 | D:2      | Learned a level 2 spell: Scorch
  2244 | D:2      | Noticed Jessica
  2250 | D:2      | Killed Jessica
  2251 | D:2      | Reached XP level 4. HP: 22/24 MP: 3/8
  2713 | D:3      | Slain by a hobgoblin

Illustrated notes

Levels and vault maps discovered:
D:1:      onia_arrival_pentagram, layout_basic,
          shapermc_ecumenical_altar_hornbeckon, minmay_split_cup_small
D:2:      layout_basic, uniq_jessica
D:3:      layout_rooms, nicolae_hepliaklqana_hazy_memory, minmay_pentomino_pile

Skill      XL: |  1  2 |
---------------+-------+-----
Conjurations   | 2 |  2.6
Dodging        | |  1.5
Stealth        | |  2.1
Spellcasting   | |  2.9
Fire Magic     | |  3.7

Action                   |  1- 3 |  4- 6 || total
-------------------------+-------+-------++-------
Melee: Unarmed           |    34 |     5 ||    39
 Cast: Foxfire           |    85 |    20 ||   105
Armor: Robe              |    11 |    10 ||    21
Dodge: Dodged            |    20 |    18 ||    38

Table legend: (Time is in decaauts)
 A = Elapsed time spent in this place.
 B = Non-inter-level travel time spent in this place.
 C = Inter-level travel time spent in this place.
 D = Time resting spent in this place.
 E = Time spent auto-exploring this place.
 F = Levels seen in this place.
 G = Mean time per level.
                   A        B        C        D        E       F      G
               +--------+--------+--------+--------+--------+-----+--------+
         Total |   2725 |   2675 |     50 |      0 |   2322 |   3 |  908.3 |
       Dungeon |   2725 |   2675 |     50 |      0 |   2322 |   3 |  908.3 |
               +--------+--------+--------+--------+--------+-----+--------+

Top non-repeatable levels by time:
     D:1: 1309 daAuts
     D:2: 1287 daAuts
     D:3: 128 daAuts
